 Dungeon Crawl Stone Soup version 0.23-a0-512-g50a8178 (webtiles) character file.

4062 zishaf the Geomancer (level 10, -1/83 HPs)
             Began as a Ghoul Earth Elementalist on Dec 5, 2018.
             Slain by a yak (13 damage)
             ... on level 8 of the Dungeon.
             The game lasted 00:32:28 (9330 turns).

zishaf the Geomancer (Ghoul Earth Elementalist)     Turns: 9330, Time: 00:32:29

Health: -1/83      AC:  4    Str: 18    XL:     10   Next: 25%
Magic:  4/13       EV: 13    Int: 13    God:
Gold:   205        SH:  0    Dex:  9    Spells: 6/15 levels left

rFire    . . .     SeeInvis .     - Unarmed
rCold    + . .     Gourm    .   (no shield)
rNeg     + + +     Faith    .   x - +0 robe "Xeor" {Regen+} (curse)
rPois    ∞         Spirit   .   (no helmet)
rElec    .         Reflect  .   (no cloak)
rCorr    .         Harm     .   o - +0 pair of gloves
MR       .....                  a - +0 pair of boots
Stlth    +++++.....             (no amulet)
HPRegen  0.00/turn              C - ring of Shadows {Umbra +Inv Stlth+}
MPRegen  0.13/turn              (no ring)

@: mighty, rotting, hasted, wreathed by umbra, very quick
A: rotting body, claws 1, carnivore, cold resistance 1, negative energy
resistance 3, inhibited regeneration, torment resistance, unbreathing
a: Evoke Invisibility


You were on level 8 of the Dungeon.
You were not hungry.

You visited 2 branches of the dungeon, and saw 9 of its levels.
You also visited: Sewer.

You collected 387 gold pieces.
You spent 182 gold pieces at shops.

Inventory:

Missiles
 b - 81 stones (quivered)
Armour
 a - a +0 pair of boots (worn)
 o - a +0 pair of gloves (worn)
 x - the cursed +0 robe "Xeor" (worn) {Regen+}
   (You bought it in a shop on level 4 of the Dungeon)

   It increases your rate of regeneration.
   It has a curse placed upon it.
 H - the +0 pair of boots of the Commoners {*Corrode Regen+ Int+2 Stlth+}
   (You found it on level 8 of the Dungeon)

   It affects your intelligence (+2).
   It increases your rate of regeneration.
   It may corrode you when you take damage.
   It makes you more stealthy.
Magical Staves
 w - an uncursed staff of energy
Jewellery
 C - the ring of Shadows (left hand) {Umbra +Inv Stlth+}
   (You acquired it in the Ecumenical Temple)

   [ring of stealth]

   It lets you turn invisible.
   It makes you more stealthy.
Wands
 c - a wand of random effects (23)
 j - a wand of scattershot (8)
 n - a wand of digging (5)
 v - a wand of enslavement (2)
 B - a wand of iceblast (8)
 E - a wand of acid (7)
Scrolls
 e - a scroll of immolation
 f - a scroll of enchant weapon
 g - a scroll of torment
 h - a scroll of blinking
 l - 2 scrolls of magic mapping
 m - 5 scrolls of teleportation
 p - a scroll of fear
 r - a scroll of fog
 t - a scroll of amnesia
 y - a scroll of remove curse
 A - a scroll of enchant armour {unknown}
 F - a scroll of noise {unknown}
Potions
 i - a potion of invisibility {unknown}
 k - 2 potions of curing {unknown}
 q - 3 potions of might
 s - a potion of heal wounds
 u - a potion of brilliance {unknown}
 D - a potion of magic {unknown}
 G - 2 potions of ambrosia {unknown}
Comestibles
 d - 19 rations


   Skills:
 - Level 6.0 Fighting
 + Level 4.0 Dodging
 + Level 5.9 Stealth
 - Level 5.2 Unarmed Combat
 - Level 3.0 Spellcasting
 - Level 2.0 Conjurations
   Level 0.8 Transmutations
 * Level 10.4 Earth Magic
 + Level 3.5 Evocations


You had 6 spell levels left.
You knew the following spells:

 Your Spells              Type           Power        Failure   Level  Hunger
a - Sandblast             Erth           ####..       1%          1    #......
b - Stone Arrow           Conj/Erth      ###...       5%          3    ###....
c - Lee's Rapid Deconstr  Erth           ####......   9%          5    ######.

Your spell library contained the following spells:

 Spells                   Type           Power        Failure   Level  Hunger
 Passwall                 Tmut/Erth      ###.....     3%          2    ###....
 Petrify                  Tmut/Erth      ###.....     22%         4    #####..
 Sticks to Snakes         Tmut           #.......     24%         2    ###....
 Beastly Appendage        Tmut           Unusable     N/A         1    N/A
 Spider Form              Tmut/Pois      Unusable     N/A         3    N/A
 Ice Form                 Ice/Tmut       Unusable     N/A         4    N/A
 Blade Hands              Tmut           Unusable     N/A         5    N/A

Dungeon Overview and Level Annotations

Branches:
Dungeon (8/15)             Temple (1/1) D:7
   Lair: D:8-11

Altars:
Dithmenos
Fedhas
Gozag
Makhleb
Nemelex Xobeh
Okawaru
Qazlal
Ru
Uskayaw
Wu Jian
Xom
Yredelemnul
Zin
The Shining One

Shops:
D:4 [   D:7 (   D:8 *


Innate Abilities, Weirdness & Mutations

Your body is rotting away.
You thrive on raw meat.
You are immune to poison.
You have sharp fingernails.
You are carnivorous and can eat meat at any time.
Your flesh is cold resistant. (rC+)
You are immune to negative energy. (rN+++)
You do not regenerate when monsters are visible.
You are immune to unholy pain and torment.
You can survive without breathing.


Message History

Aiming: Sandblast (safe; 1% risk of failure)
Press: ? - help, Shift-Dir - straight line, f/p - yak
Aim: a yak (severely wounded, umbra)
The blast of sand hits the yak.
The yak is almost dead.
b - 82 stones The yak barely misses you.
Casting: Sandblast (safe; 1% risk of failure)
Confirm with . or Enter, or press ? or * to list all spells.
Aiming: Sandblast (safe; 1% risk of failure)
Press: ? - help, Shift-Dir - straight line, f/p - yak
Aim: a yak (almost dead, umbra)
The blast of sand hits the yak.
You kill the yak!
b - 81 stones You feel yourself speed up.
The yak barely misses you.
You punch the yak!
The yak is moderately wounded.
The yak gores you!
You die...

........#
##.####.# #.#
#.# ##.## #.#
#...###.#####
............#
#...#.#####.#
##.##.#
#.#########
#.## #
#.....@YY.#
#.#
#########.#
#.# #.#####
.# #.Y.Y.#
#####.# ##.#
#.# ...# #Y#
#### #.# #.#


You could see 2 yaks.

Vanquished Creatures
  A hornet (D:8)
  Grinder (D:4)
  A hippogriff (D:8)
  Sigmund (D:5)
  4 yaks
  A human (D:7)
  3 hogs
  Duvessa (D:5)
  An ice beast (D:5)
  A phantom (D:7)
  3 ogres
  2 centaurs
  A big kobold (D:6)
  3 bullfrogs
  A gnoll sergeant (D:4)
  Dowan (D:5)
  3 scorpions
  2 electric eels (D:8)
  2 crimson imps
  2 hounds
  3 orc wizards
  A quasit (D:7)
  2 bullfrog skeletons
  2 centaur skeletons
  3 iguanas
  5 worker ants
  A killer bee zombie (D:6)
  2 hound skeletons
  A worker ant zombie (D:6)
  Robin (D:2)
  3 gnolls
  11 adders
  2 shadow imps
  An ooze (D:2)
  An adder zombie (D:5)
  5 worms
  A dart slug (D:3)
  6 leopard geckos
  17 orcs
  10 giant cockroaches
  12 goblins
  11 hobgoblins
  16 jackals
  A quokka (D:7)
  3 ball pythons
  12 bats
  3 frilled lizards
  A jackal skeleton (D:5)
  15 kobolds
  10 rats
  2 plants (Sewer)
199 creatures vanquished.

Vanquished Creatures (others)
  A bullfrog (D:8)
  4 plants
5 creatures vanquished.

Grand Total: 204 creatures vanquished

Notes
Turn   | Place    | Note
-------+----------+-------------------------------------------
     0 | D:1      | zishaf the Ghoul Earth Elementalist began the quest for the
                  | Orb.
     0 | D:1      | Reached XP level 1. HP: 14/14 MP: 2/2
   287 | D:1      | Reached XP level 2. HP: 22/22 MP: 3/3
   624 | D:1      | Reached skill level 1 in Unarmed Combat
   905 | D:1      | Reached skill level 1 in Fighting
  1100 | D:1      | Reached XP level 3. HP: 6/28 MP: 0/4
  1311 | D:2      | Found an ornate altar of the Wu Jian Council.
  1565 | D:2      | Noticed Robin
  1569 | D:2      | Reached skill level 4 in Earth Magic
  1860 | D:2      | Killed Robin
  1860 | D:2      | Reached XP level 4. HP: 25/35 MP: 0/5
  2193 | D:3      | Found an iron altar of Okawaru.
  2323 | D:3      | Learned a level 3 spell: Stone Arrow
  2417 | D:3      | Reached XP level 5. HP: 26/41 MP: 4/6
  2705 | D:3      | Found a glowing drain.
  2710 | Sewer    | Entered a sewer
  3412 | Sewer    | Reached skill level 5 in Earth Magic
  4065 | D:4      | Reached XP level 6. HP: 45/50 MP: 5/7
  4105 | D:4      | Found Etwuimp's Antique Armour Shoppe.
  4187 | D:4      | Reached skill level 1 in Conjurations
  4270 | D:4      | Bought a tattered robe for 182 gold pieces
  4280 | D:4      | Identified the cursed +0 robe "Xeor" {Regen+} (You bought
                  | it in a shop on level 4 of the Dungeon)
  4723 | D:5      | Entered Level 5 of the Dungeon
  4730 | D:4      | Reached XP level 7. HP: 51/57 MP: 0/8
  4747 | D:4      | Reached skill level 6 in Earth Magic
  5531 | D:5      | Noticed Duvessa
  5634 | D:5      | Killed Duvessa
  5634 | D:5      | Reached skill level 7 in Earth Magic
  5634 | D:5      | Reached XP level 8. HP: 49/66 MP: 0/9
  5663 | D:5      | Noticed Dowan
  5762 | D:5      | Noticed Grinder
  5821 | D:4      | Killed Grinder
  6020 | D:5      | Killed Dowan
  6092 | D:5      | Noticed Sigmund
  6099 | D:5      | Killed Sigmund
  6099 | D:5      | Reached skill level 5 in Fighting
  6099 | D:5      | Reached skill level 8 in Earth Magic
  6325 | D:5      | Reached skill level 5 in Unarmed Combat
  6445 | D:6      | Learned a level 5 spell: Lee's Rapid Deconstruction
  6758 | D:6      | Reached XP level 9. HP: 73/73 MP: 6/11
  6793 | D:6      | Reached skill level 1 in Evocations
  6827 | D:6      | Found a sacrificial altar of Ru.
  7577 | D:7      | Found Gurch's Antique Weapon Boutique.
  7585 | D:7      | Reached skill level 9 in Earth Magic
  7610 | D:7      | Found a shimmering altar of Xom.
  7695 | D:7      | Found a shadowy altar of Dithmenos.
  8333 | D:7      | Found a staircase to the Ecumenical Temple.
  8337 | D:7      | Identified a scroll of acquirement
  8357 | Temple   | Entered the Ecumenical Temple
  8360 | Temple   | Found the ring of Shadows {Umbra +Inv Stlth+}
  8863 | D:8      | Reached skill level 5 in Stealth
  8894 | D:8      | Got a pair of twisted boots
  8905 | D:8      | Identified the +0 pair of boots of the Commoners {*Corrode
                  | Regen+ Int+2 Stlth+} (You found it on level 8 of the
                  | Dungeon)
  8914 | D:8      | Noticed a hornet
  8934 | D:8      | Killed a hornet
  8936 | D:8      | Reached skill level 10 in Earth Magic
  8936 | D:8      | Reached XP level 10. HP: 19/83 MP: 5/13
  8951 | D:8      | Found Zykhlat's Assorted Antiques.
  9330 | D:8      | Slain by a yak

Vault maps used:
D:1:      wander_arrival_desolate
D:2:      lemuel_crystal_altar, roderic_lattice_a, uniq_robin
D:3:      lemuel_round_altar, gup_sewer_entry_spiral
D:4:      serial_shops, shop, minmay_misc_feat_x, serial_park_tiny_1,
          minmay_fractal_squares_diagonal_5
D:5:      first_ration, eino_curves_01, grunt_decor_cap, kennysheep_nondescript,
          sigmund_army, uniq_grinder, uniq_duvessa
D:6:      old_standard_altar, lexackson_kobold_supper
D:7:      xom_butterflies, grunt_dithmenos_smoke_and_mirrors, temple_pool_b,
          serial_shops, nicolae_shop_statue_plus, grunt_livestock
D:8:      cheibrodos_worm_habitat, fiery_altar_vehumet,
          gammafunk_temple_overflow_pools, serial_shops,
          nicolae_shop_overgrown_old_shop, kennysheep_small_spiral
Temple:   compressed_dpeg_triangle_lava_temple
Sewer:    sewer_co_scattered_pipes

Skill      XL: |  1  2  3  4  5  6  7  8  9 10 |
---------------+-------------------------------+-----
Unarmed Combat | 1 2 3 4 5 |  5.2
Fighting       | 1 2 3 4 5 6 |  6.0
Earth Magic    | 4 5 7 8 10 | 10.4
Stealth        | 3 5 |  5.9
Conjurations   | 1 2 |  2.0
Dodging        | 2 3 4 |  4.0
Spellcasting   | 2 3 |  3.0
Evocations     | 3 |  3.5
Transmutations | |  0.8

Action                   |  1- 3 |  4- 6 |  7- 9 | 10-12 || total
-------------------------+-------+-------+-------+-------++-------
Melee: Unarmed           |   108 |   384 |   286 |    26 ||   804
       Punch             |     1 |     6 |     2 |     1 ||    10
 Cast: Sandblast         |    27 |    88 |   100 |     5 ||   220
       Stone Arrow       |       |       |    40 |    12 ||    52
  Use: Potion            |       |       |     4 |     3 ||     7
       Scroll            |       |       |    13 |       ||    13
 Stab: Sleeping          |     4 |     3 |     4 |       ||    11
       Distracted        |       |       |     2 |       ||     2
  Eat: Chunk             |    18 |    37 |    33 |     2 ||    90
       Ration            |       |       |     1 |       ||     1
Armor: Robe              |    23 |    76 |    73 |     1 ||   173
Dodge: Dodged            |    87 |   206 |   260 |    14 ||   567

Table legend:
 A = Non-vault XP
 B = Vault XP
 C = Vault XP percentage of total XP
 D = Non-vault monster count
 E = Vault monster count
 F = Vault count percentage of total count
                 A         B        C        D         E       F
            +---------+---------+-------+---------+---------+-------
      Total |    3679 |    2124 |  36.6 |     140 |      57 |  28.9
            +---------+---------+-------+---------+---------+-------
        D:1 |      35 |       2 |   5.4 |      24 |       1 |   4.0
        D:2 |      31 |      29 |  48.3 |      14 |       8 |  36.4
        D:3 |     106 |      30 |  22.1 |      29 |       6 |  17.1
        D:4 |     373 |     466 |  55.5 |      13 |       6 |  31.6
        D:5 |     481 |     453 |  48.5 |      12 |       5 |  29.4
        D:6 |     512 |     287 |  35.9 |      20 |       9 |  31.0
        D:7 |     511 |     781 |  60.4 |      16 |       4 |  20.0
        D:8 |    1630 |       0 |   0.0 |      12 |       0 |   0.0
      Sewer |       0 |      76 | 100.0 |       0 |      18 | 100.0
            +---------+---------+-------+---------+---------+-------
